 Dungeon Crawl Stone Soup version 0.22-a0-142-g91cc6d7 (webtiles) character file.

2 4thArraOfDagon the Vexing (level 1, -3/15 HPs)
             Began as a Formicid Arcane Marksman on Feb 5, 2018.
             Slain by a scorpion (7 damage)
             ... on level 8 of the Dungeon.
             The game lasted 00:00:57 (169 turns).

4thArraOfDagon the Vexing (Formicid Arcane Marksman) Turns: 169, Time: 00:00:58

Health: -3/15      AC:  5    Str: 14    XL:     1   Next: 44%
Magic:  2/2        EV: 11    Int: 12    God:
Gold:   29         SH:  0    Dex: 11    Spells: 1/2 levels left

rFire    . . .     SeeInvis +   a - +0 hand crossbow
rCold    . . .     Gourm    .   (no shield)
rNeg     . . .     Faith    .   b - +0 ring mail
rPois    .         Spirit   .   (helmet unavailable)
rElec    .         Reflect  .   (no cloak)
rCorr    .         Harm     .   (no gloves)
MR       .....                  (no boots)
Stlth    ..........             (no amulet)
HPRegen  0.05/turn              (no ring)
MPRegen  0.08/turn              (no ring)

@: glowing
A: permanent stasis, dig shafts and tunnels, four strong arms, antennae 3
a: Dig, Shaft Self


You were on level 8 of the Dungeon.
You were not hungry.

You visited 1 branch of the dungeon, and saw 5 of its levels.

You collected 29 gold pieces.

Inventory:

Hand Weapons
 a - a +0 hand crossbow (weapon)
 i - a +0 trident
Missiles
 d - 20 bolts (quivered)
Armour
 b - a +0 ring mail (worn)
 e - a +0 robe
Scrolls
 g - a scroll of fog {unknown}
 h - a scroll of identify {unknown}
 j - 2 scrolls of blinking {unknown}
 k - a scroll of noise {unknown}
 l - a scroll of teleportation {unknown}
Books
 c - a book of Debilitation

   Spells                             Type                      Level
   a - Corona                         Hexes                        1
   b - Slow                           Hexes                        2
   c - Inner Flame                    Hexes/Fire                   3
   d - Portal Projectile              Hexes/Translocation          3
   e - Cause Fear                     Hexes                        4
   f - Leda's Liquefaction            Hexes/Earth                  4
Comestibles
 f - a ration


   Skills:
 - Level 1.1 Fighting
 * Level 2.2 Crossbows
 - Level 1.7 Dodging
 - Level 1.1 Spellcasting
 - Level 3.6 Hexes


You had one spell level left.
You knew the following spells:

 Your Spells              Type           Power        Failure   Level  Hunger
a - Corona                Hex            #......      14%         1    ##.....


Dungeon Overview and Level Annotations

Branches:
Dungeon (5/15)
 Temple: D:4-7

Altars:

Annotations:
D:3 varam's ghost, amateur HOFi
D:5 4thArraOfDagon's ghost, weakling FoAM


Innate Abilities, Weirdness & Mutations

You cannot be hasted, slowed, berserked, paralysed or teleported.
You can dig through walls and to a lower floor.
Your four strong arms can wield two-handed weapons with a shield.
You have a pair of large antennae on your head. (SInv)


Message History

A shaft appears beneath you!
You fall through a shaft for 3 floors!
The shaft crumbles and collapses.
A scorpion comes into view.
Found a stone staircase leading up and a stone staircase leading down.
You aren't carrying any potions.
Unknown command.
Unknown command.
You extend your mandibles.
You dig through the rock wall.
A two-headed ogre comes into view.
It is wielding a giant club and a giant spiked club.
You dig through the rock wall.
Unknown command.
You dig through the rock wall.
Are you sure you want to shaft yourself?
You feel quite a bit more hungry. The scorpion stings you.
* * * LOW HITPOINT WARNING * * *
You begin to dig a shaft.
You continue digging a shaft.
The scorpion stings you!
You die...

###
.#..
#..
#..
#.##<#
#.O#.#
#...#
#.{##
#...##
####s#
#@##
###


You could see a scorpion.

Vanquished Creatures
  A leopard gecko (D:3)
  A kobold (D:3)
2 creatures vanquished.

Notes
Turn   | Place    | Note
-------+----------+-------------------------------------------
     0 | D:1      | 4thArraOfDagon the Formicid Arcane Marksman began the quest for the Orb.
     0 | D:1      | Reached XP level 1. HP: 15/15 MP: 2/2
    34 | D:2      | You fall through a shaft!
    98 | D:3      | Noticed varam's ghost (amateur HOFi)
   158 | D:3      | You fall through a shaft for 2 floors!
   158 | D:5      | Entered Level 5 of the Dungeon
   158 | D:5      | Noticed 4thArraOfDagon's ghost (weakling FoAM)
   162 | D:5      | You fall through a shaft for 3 floors!
   162 | D:8      | Noticed a scorpion
   166 | D:8      | Noticed a two-headed ogre
   169 | D:8      | Slain by a scorpion

Vault maps used:
D:1:      dpeg_arrival_fog, serial_curves, eino_curves_04, eino_curves_03,
          hex_large, minmay_misc_feat_rugged, grunt_decor_arrowhead
D:3:      cheibriados_altar_1, first_ration
D:5:      old_standard_altar, grunt_qazlal_sundering, uniq_edmund
D:8:      ashenzari_conservatory_becter, nicolae_tso_besieged_by_evil

Action                   || total
-------------------------++-------
 Fire: Hand crossbow     ||     3
 Abil: Shaft Self        ||     4
       Dig               ||     2
Armor: Ring mail         ||     2
Dodge: Dodged            ||    14

Table legend:
 A = Spawn XP
 B = Non-spawn XP
 C = Spawn XP percentage of total XP
 D = Spawn monster count
 E = Non-spawn monster count
 F = Spawn count percentage of total count
 G = Total turns spent on level
                    A         B        C        D         E        F      G
               +---------+---------+-------+---------+---------+-------+---------
         Total |       0 |       4 |   0.0 |       0 |       2 |   0.0 |   169
               +---------+---------+-------+---------+---------+-------+---------
           D:3 |       0 |       4 |   0.0 |       0 |       2 |   0.0 |   124
               +---------+---------+-------+---------+---------+-------+---------
